 Dungeon Crawl Stone Soup version 0.30.0-30-g96aa6591b8 (webtiles) character file.

Game seed: 13613360841680744361

196 LustLizard the Digger (level 5, 0/30 HPs)
             Began as a Gargoyle Earth Elementalist on June 28, 2023.
             Killed by divine providence
             ... invoked by an orc priest
              (12 damage)
             ... on level 3 of the Dungeon.
             The game lasted 00:02:58 (2287 turns).

LustLizard the Digger (Gargoyle Earth Elementalist) Turns: 2287, Time: 00:02:59

Health: 0/30       AC:  7    Str: 11    XL:     5   Next: 74%
Magic:  6/9        EV: 11    Int: 18    God:
Gold:   146        SH:  0    Dex: 10    Spells: 2/9 levels left

rFire   . . .        d - +0 short sword
rCold   . . .        (no shield)
rNeg    + . .        a - +0 robe
rPois   ∞            (no helmet)
rElec   +            (no cloak)
rCorr   .            n - +0 pair of gloves
SInv    .            (no boots)
Will    .....        m - amulet of reflection
Stlth   +            (no ring)
HPRegen 0.25/turn    (no ring)
MPRegen 0.11/turn

%: reflection
@: confused
A: sickness immunity, AC +4, negative energy resistance 1, electricity
resistance, torment resistance 1, petrification resistance
a: no special abilities


You were on level 3 of the Dungeon.
You visited 1 branch of the dungeon, and saw 3 of its levels.

You collected 146 gold pieces.

Inventory:

Hand Weapons
 d - a +0 short sword (weapon)
Armour
 a - a +0 robe (worn)
 n - a +0 pair of gloves (worn)
Jewellery
 m - an amulet of reflection (around neck)
Scrolls
 c - a scroll of enchant armour {unknown}
 e - a scroll of silence {unknown}
 f - a scroll of noise {unknown}
 h - 2 scrolls of blinking {unknown}
 i - a scroll of fear {unknown}
 j - 2 scrolls of teleportation {unknown}
 k - a scroll of identify {unknown}
 o - a scroll of enchant weapon {unknown}
 p - a scroll of brand weapon {unknown}
 s - a scroll of summoning {unknown}
Potions
 b - a potion of magic
 g - a potion of haste {unknown}
 l - a potion of flight {unknown}
 q - a potion of berserk rage {unknown}
 r - a potion of heal wounds {unknown}


   Skills:
 + Level 2.0 Fighting
 - Level 1.5 Dodging
 + Level 3.2 Stealth
 + Level 2.8 Spellcasting
 * Level 2.5 Conjurations
 - Level 0.7 Transmutations
 * Level 0.4 Air Magic
 + Level 4.7 Earth Magic
 * Level 0.6 Poison Magic


You had 2 spell levels left.
You knew the following spells:

 Your Spells              Type           Power      Damage    Failure   Level
a - Sandblast             Erth           38%        2d10      2%          1
b - Stone Arrow           Conj/Erth      30%        3d8       11%         3
c - Mephitic Cloud        Conj/Pois/Air  6%         N/A       30%         3

Your spell library contained the following spells:

 Spells                   Type           Power      Damage    Failure   Level
 Magic Dart               Conj           44%        1d5       6%          1
 Passwall                 Tmut/Erth      10%        N/A       9%          2
 Call Imp                 Summ           4%         N/A       26%         2
 Inner Flame              Hex/Fire       2%         N/A       45%         3
 Petrify                  Tmut/Erth      12%        N/A       47%         4
 Yara's Violent Unravell  Hex/Tmut       1%         3d3       99%         5
 Enfeeble                 Hex            1%         N/A       100%        7


Dungeon Overview and Level Annotations

Branches:
Dungeon (3/15)

Altars:
Dithmenos
Kikubaaqudgha


Innate Abilities, Weirdness & Mutations

You are immune to sickness and miasma.
Your stone body is resilient. (AC +4)
You are immune to poison.
You resist negative energy. (rN+)
You are resistant to electric shocks. (rElec)
You are resistant to unholy torment.
You are immune to petrification.


Message History

Unknown command.
Aiming: Sandblast (safe; 2% risk of failure)
Press: ? - help, Q - select action Shift-Dir - straight line, f/p - orc priest
Aim: an orc priest, wielding a +0 falchion (severely wounded, 82% to hit)
The blast of sand hits the orc priest!
You kill the orc priest!
The orc wizard casts a spell.
The orc wizard flickers and vanishes!
Deactivating autopickup; reactivate with Ctrl-A.
Your Fighting skill increases to level 2!
Aiming: Sandblast (safe; 2% risk of failure)
Press: ? - help, Q - select action Shift-Dir - straight line, f - orc
Aim: an orc, wielding a +0 hand axe and wearing a +0 ring mail (84% to hit)
The blast of sand hits the orc.
The orc is severely wounded.
You hear some strange, mumbled words.
You are confused.
You're too confused to cast spells.
You bump into the rock wall.
Unknown command.
Okay, then.
You are too confused!
Unknown command.
The orc priest mumbles some strange prayers to Beogh against you.
Beogh smites you!
Unknown command.
The orc priest attacks as you move away!
The orc priest hits you but does no damage.
Something hits you but does no damage. The orc priest barely misses you.
You hear some strange, mumbled words.
A puff of flame appears from out of thin air!
The puff of flame hits you.
Unknown command.
You're too confused to cast spells.
Unknown command.
You're too confused to move!
The orc priest invokes the aid of Beogh against you.
Beogh smites you!
You die...

#####......####...###
...##.....######...#
#..#......)......##
#.......†...†####
##.....##..........>.#
#.......#............#
#.8...8.#............#
#.......#............#
#....o..#.@.#####......
#...oooo#.o.# #.....##
#.8...8.#oo## #.....#
#.......#o..# ##....#
........)...# #. ..###
.............# #......#
######...#......##......###
#.###........... #..#> ...
..####.#.[..##....


You could see 2 orc priests and 2 orcs.

Vanquished Creatures
  A scorpion (D:2)
  A hound (D:2)
  An orc priest (D:3)
  3 adders
  2 worms (D:2)
  2 dart slugs
  2 orcs (D:3)
  8 bats
  2 endoplasms
  A giant cockroach (D:2)
  5 goblins
  A hobgoblin (D:1)
  2 quokkas
  4 ball pythons
  2 frilled lizards (D:1)
  3 kobolds
  3 rats
43 creatures vanquished.

Notes
Turn   | Place    | Note
-------+----------+-------------------------------------------
     0 | D:1      | LustLizard the Gargoyle Earth Elementalist began the quest
                  | for the Orb.
     0 | D:1      | Reached XP level 1. HP: 10/10 MP: 3/3
   342 | D:1      | Reached XP level 2. HP: 16/16 MP: 3/5
   428 | D:1      | Reached skill level 4 in Earth Magic
   511 | D:1      | You fall into a shaft and drop 1 floor!
   924 | D:2      | Reached skill level 1 in Fighting
   974 | D:2      | Found a shadowy altar of Dithmenos.
   976 | D:2      | Reached XP level 3. HP: 20/20 MP: 4/6
   980 | D:2      | Learned a level 3 spell: Stone Arrow
  1180 | D:2      | Reached skill level 1 in Conjurations
  1180 | D:2      | Reached XP level 4. HP: 25/25 MP: 4/7
  1684 | D:2      | Noticed a scorpion
  1688 | D:2      | Killed a scorpion
  1689 | D:2      | Reached XP level 5. HP: 21/30 MP: 3/9
  2039 | D:3      | Learned a level 3 spell: Mephitic Cloud
  2090 | D:3      | Found an ancient bone altar of Kikubaaqudgha.
  2287 | D:3      | Killed from afar by an orc priest

Illustrated notes

Levels and vault maps discovered:
D:1:      minmay_arrival_split_and_join, layout_rooms, minmay_cut_off
D:2:      minmay_chambers_of_ones, layout_basic, serial_rivers,
          chequers_serial_rivers_room_a, chequers_serial_rivers_small_b,
          chequers_serial_rivers_room_a, chequers_serial_rivers_micro_e,
          chequers_serial_rivers_micro_d, basic_altar
D:3:      cheibrodos_pilgrimage, layout_rooms, mainiacjoe_overflow_24_doors,
          serial_curves, eino_curves_03, eino_curves_01, hex_intersection,
          minivault_14, corexii_corridor_pit, serial_park_tiny_2,
          minmay_misc_feat_doors

Skill      XL: |  1  2  3  4  5 |
---------------+----------------+-----
Earth Magic    | 4 |  4.7
Fighting       | 1 2 |  2.0
Conjurations   | 1 2 |  2.5
Stealth        | 3 |  3.2
Dodging        | |  1.5
Spellcasting   | |  2.8
Transmutations | |  0.7
Air Magic      | |  0.4
Poison Magic   | |  0.6

Action                     |  1- 3 |  4- 6 || total
---------------------------+-------+-------++-------
  Melee: Short sword       |     6 |       ||     6
   Cast: Sandblast         |    34 |    35 ||    69
 Armour: Robe              |     8 |     5 ||    13
  Dodge: Dodged            |    11 |     7 ||    18
  Block: Other             |     1 |     1 ||     2
